 Dungeon Sprint DCSS version 0.27.1-34-g3ba077fa99 (webtiles) character file.

Game seed: 10072293701160419954

10059 Karpo the Ninja (level 11, 0/47 HPs)
             Began as a Spriggan Enchanter on Feb 7, 2022.
             Was the Champion of Dithmenos.
             Engulfed by a cloud of noxious fumes (1 damage)
             ... in the Dungeon (Sprint I: "Red Sonja").
             The game lasted 00:21:11 (2679 turns).

Karpo the Ninja (Spriggan Enchanter)                Turns: 2679, Time: 00:21:12

Health: 0/47       AC:  4    Str:  4    XL:     11   Next: 31%
Magic:  2/26       EV: 21    Int: 26    God:    Dithmenos [******]
Gold:   180        SH:  0    Dex: 16    Spells: 11/30 levels left

rFire    . . .     SeeInvis +   a - +1 dagger
rCold    . . .     Faith    .   (shield restricted)
rNeg     . . .     Spirit   .   b - +0 robe
rPois    .         Reflect  +   t - +2 hat
rElec    .         Harm     .   (no cloak)
rCorr    .         Rampage  .   (gloves unavailable)
Will     +....     NoTele   +   (boots unavailable)
Stlth    +++++++...             m - amulet of reflection
HPRegen  0.15/turn              s - +6 ring of intelligence
MPRegen  0.20/turn              (no ring)

@: confused, wreathed by umbra, very quick
A: very small, no large weapons, unfitting armour, see invisible, speed 3
a: Renounce Religion, Shadow Step, Shadow Form


You were in the Dungeon.
You worshipped Dithmenos.
Dithmenos was exalted by your worship.
You visited 1 branch You collected 1627 gold pieces.
You spent 1447 gold pieces at shops.

Inventory:

Hand Weapons
 a - a +1 dagger (weapon)
 k - a +1 dagger of distortion
Missiles
 l - 4 curare-tipped darts
Armour
 b - a +0 robe (worn)
 t - a +2 hat (worn)
Jewellery
 m - an amulet of reflection (around neck)
 s - a +6 ring of intelligence (left hand)
Scrolls
 h - a scroll of blinking
 j - a scroll of vulnerability {unknown}
 o - a scroll of magic mapping {unknown}
 p - a scroll of identify {unknown}
Potions
 c - 3 potions of curing
 e - a potion of haste
 f - 2 potions of magic
 g - a potion of berserk rage
 i - a potion of lignification {unknown}
 n - a potion of ambrosia {unknown}
 q - 2 potions of invisibility {unknown}
 r - a potion of degeneration {unknown}


   Skills:
 - Level 13.0 Short Blades
 - Level 8.0 Dodging
 O Level 27 Stealth
 - Level 10.0 Spellcasting
 + Level 14.2 Hexes


You had 11 spell levels left.
You knew the following spells:

 Your Spells              Type           Power      Damage    Failure   Level
a - Corona                Hex            80%        N/A       0%          1
b - Ensorcelled Hibernat  Hex/Ice        100%       N/A       1%          2
c - Confusing Touch       Hex            72%        N/A       1%          3
d - Tukima's Dance        Hex            72%        N/A       1%          3
e - Invisibility          Hex            36%        N/A       1%          6
f - Dazzling Flash        Conj/Hex       100%       N/A       1%          3
g - Apportation           Tloc           26%        N/A       4%          1

Your spell library contained the following spells:

 Spells                   Type           Power      Damage    Failure   Level
 Alistair's Intoxication  Tmut/Pois      8%         N/A       77%         5


Dungeon Overview and Level Annotations

Branches:
Dungeon (1/1)

Altars:
Cheibriados
Dithmenos
Elyvilon
Fedhas
Gozag
Hepliaklqana
Kikubaaqudgha
Makhleb
Nemelex Xobeh
Okawaru
Qazlal
Ru
Sif Muna
Trog
Uskayaw
Vehumet
Wu Jian
Xom
Yredelemnul
Zin
The Shining One
Jiyva
Lugonu

Shops:
D [[:?=[*[(!:=?[([[


Innate Abilities, Weirdness & Mutations

You are very small and have problems with some larger weapons.
You are too small for most types of armour.
You have supernaturally acute eyesight. (SInv)
You cover ground extremely quickly. (Speed+++)


Message History

There is an open door here.
The lorocyproca gives a chilling moan.
The meliai buzzes angrily.
Really walk into that cloud of noxious fumes? [Y]es or [N]o only, please.
Really walk into that cloud of noxious fumes?
You are engulfed in noxious fumes.
You choke on the stench!
You are confused.
The lorocyproca hits you!!
Ouch! That really hurt!
* * * LOW HITPOINT WARNING * * *
You emit a cloud of dark smoke.
You feel your power leaking away.
You feel much better.
You are engulfed in noxious fumes.
You choke on the stench!
You are more confused.
The lorocyproca hits you!!
Ouch! That really hurt!
You emit a cloud of dark smoke.
You feel your power leaking away.
You miss the lorocyproca.
You are engulfed in noxious fumes.
You choke on the stench!
You are more confused.
The meliai calls down the wrath of its god upon you.
Something smites you!
* * * LOW HITPOINT WARNING * * *
You emit a cloud of dark smoke.
You are engulfed in noxious fumes.
There is an open door here.
You are engulfed in noxious fumes.
You choke on the stench!
You are more confused.
* * * LOW HITPOINT WARNING * * *
You are too confused!
You are too confused!
You bump into the stone wall.
You are engulfed in noxious fumes.
You choke on the stench!
You are more confused.
* * * LOW HITPOINT WARNING * * *
You are engulfed in noxious fumes.
You choke on the stench!
You are more confused.
You die...

#################################
)'..#__#..'..)#.§#§§§§§§§§§..§§.#
.#..'..'..#...##'#§####§§§§§##§.'
###'#__####.).§..#.#(###§§§######
..#)####§§#####§§'.#§#§###+#
.##.#≈≈§.§#§§##§####§.§#y#.#
'#_.'≈≈§§.'§.#.^°°○#§§§###..###$#
..._#§§§§)#..#○○@..°§§§§§##.#A#$#
_.#+##§#####'###☼.2#§§§§§# .###$#
#'# #§.[.###.§.#...###++## ##..$#
#.####'###.###§#..## +###
...'.....'(∩##.#.^#
...###########§##'#
#.###......§##§##.#
#'#.#......§§'§####
....#'''######.#


You could see a lorocyproca (invisible).

Vanquished Creatures
  A hydra (D)
  2 centaur warriors (D)
  Sonja (D)
  A deep troll (D)
  A lindwurm (D)
  An oklob plant (D)
  A gargoyle (D)
  2 unseen horrors (D)
  2 kobold demonologists (D)
  4 demonic crawlers (D)
  A hornet (D)
  A slime creature (D)
  2 redbacks (D)
  Sigmund (D)
  A yak (D)
  13 hogs (D)
  3 floating eyes (D)
  7 necrophages (D)
  An ogre (D)
  8 jellies (D)
  Ijyb (D)
  A ballistomycete spore (D)
56 creatures vanquished.

Vanquished Creatures (others)
  A gargoyle (D)
  A dancing weapon (D)
  A ballistomycete spore (D)
3 creatures vanquished.

Grand Total: 59 creatures vanquished

Notes
Turn   | Place    | Note
-------+----------+-------------------------------------------
     0 | D        | Karpo the Spriggan Enchanter began the quest for the Orb.
     0 | D        | Reached XP level 1. HP: 9/9 MP: 5/5
     2 | D        | Noticed Ijyb
    12 | D        | Killed Ijyb
    13 | D        | Reached skill level 10 in Stealth
    13 | D        | Reached XP level 2. HP: 7/13 MP: 6/6
   147 | D        | Noticed an ogre
   152 | D        | Learned a level 2 spell: Ensorcelled Hibernation
   154 | D        | Killed an ogre
   155 | D        | Reached skill level 13 in Stealth
   155 | D        | Reached XP level 3. HP: 16/16 MP: 2/8
   155 | D        | Reached XP level 4. HP: 21/21 MP: 2/9
   225 | D        | Noticed Sigmund
   228 | D        | Killed Sigmund
   229 | D        | Reached skill level 17 in Stealth
   229 | D        | Reached XP level 5. HP: 24/24 MP: 10/10
   233 | D        | Learned a level 3 spell: Confusing Touch
   237 | D        | Learned a level 3 spell: Tukima's Dance
   248 | D        | Found a shimmering blue altar of Sif Muna.
   249 | D        | Found an ornate altar of the Wu Jian Council.
   250 | D        | Found a radiant altar of Vehumet.
   255 | D        | Reached skill level 18 in Stealth
   255 | D        | Reached XP level 6. HP: 28/28 MP: 11/11
   263 | D        | Found Usaahor's Antique Armour Emporium.
   263 | D        | Found an ancient bone altar of Kikubaaqudgha.
   263 | D        | Found a hazy altar of Hepliaklqana.
   263 | D        | Found a stormy altar of Qazlal.
   263 | D        | Found a hide-covered altar of Uskayaw.
   263 | D        | Found a blossoming altar of Fedhas.
   263 | D        | Found a bloodstained altar of Trog.
   263 | D        | Found an iron altar of Okawaru.
   263 | D        | Found a basalt altar of Yredelemnul.
   263 | D        | Found a glowing golden altar of the Shining One.
   263 | D        | Found a snail-covered altar of Cheibriados.
   263 | D        | Found a sacrificial altar of Ru.
   263 | D        | Found a glowing silver altar of Zin.
   263 | D        | Found a shadowy altar of Dithmenos.
   263 | D        | Found a white marble altar of Elyvilon.
   263 | D        | Noticed a yak
   264 | D        | Found an opulent altar of Gozag.
   273 | D        | Killed a yak
   274 | D        | Reached skill level 20 in Stealth
   492 | D        | Found a sparkling altar of Nemelex Xobeh.
   498 | D        | Became a worshipper of Dithmenos the Shadowed
   520 | D        | Noticed Sonja
   546 | D        | Killed Sonja
   547 | D        | Reached skill level 23 in Stealth
   547 | D        | Reached XP level 7. HP: 7/32 MP: 1/12
   789 | D        | Killed a gargoyle
   804 | D        | Found Doebiele's Armour Boutique.
  1064 | D        | Noticed a deep troll
  1068 | D        | Killed a deep troll
  1069 | D        | Reached skill level 24 in Stealth
  1069 | D        | Reached XP level 8. HP: 36/36 MP: 13/13
  1094 | D        | Found Kacvuv's Armour Emporium.
  1105 | D        | Noticed a centaur warrior
  1106 | D        | Noticed a centaur warrior
  1109 | D        | Killed a centaur warrior
  1109 | D        | Reached * piety under Dithmenos
  1110 | D        | Reached skill level 26 in Stealth
  1110 | D        | Reached XP level 9. HP: 39/39 MP: 14/14
  1110 | D        | Killed a centaur warrior
  1111 | D        | Reached skill level 27 in Stealth
  1121 | D        | Reached ** piety under Dithmenos
  1134 | D        | Noticed an oklob plant
  1136 | D        | Killed an oklob plant
  1137 | D        | Reached skill level 10 in Short Blades
  1152 | D        | Found a burning altar of Makhleb.
  1152 | D        | Found a viscous altar of Jiyva.
  1152 | D        | Found a shimmering altar of Xom.
  1152 | D        | Found a corrupted altar of Lugonu.
  1168 | D        | Noticed a kobold demonologist
  1169 | D        | Noticed a kobold demonologist
  1173 | D        | Killed a kobold demonologist
  1173 | D        | Reached *** piety under Dithmenos
  1184 | D        | Killed a kobold demonologist
  1185 | D        | Reached XP level 10. HP: 35/44 MP: 9/15
  1254 | D        | Reached skill level 5 in Dodging
  1255 | D        | Reached **** piety under Dithmenos
  1276 | D        | Noticed a lindwurm
  1278 | D        | Killed a lindwurm
  1279 | D        | Reached skill level 5 in Hexes
  1304 | D        | Reached skill level 5 in Spellcasting
  1305 | D        | Reached ***** piety under Dithmenos
  1746 | D        | Reached ****** piety under Dithmenos
  1747 | D        | Reached skill level 10 in Hexes
  1774 | D        | Noticed a gargoyle
  1787 | D        | Killed a gargoyle
  1841 | D        | Reached XP level 11. HP: 33/47 MP: 22/25
  1966 | D        | Reached skill level 10 in Spellcasting
  2253 | D        | Found Gouxaluk's Magic Scroll Shoppe.
  2253 | D        | Found Vamn's Book Shop.
  2253 | D        | Found Zupousy's Jewellery Boutique.
  2255 | D        | Found Byamo Towk's Armour Emporium.
  2255 | D        | Found Heohodod's General Store.
  2255 | D        | Found Foefibbi's Armour Shoppe.
  2255 | D        | Found Ynual's Weapon Boutique.
  2255 | D        | Found Jibuiroh's Distillery.
  2255 | D        | Found Kaipsexoju's Book Shop.
  2255 | D        | Found Kiocan's Jewellery Shoppe.
  2256 | D        | Found Canuedyro's Magic Scroll Boutique.
  2257 | D        | Found Ytuihoh's Weapon Emporium.
  2257 | D        | Found Ryuzoig's Armour Boutique.
  2258 | D        | Found Yneu's Armour Emporium.
  2296 | D        | Bought a book of Party Tricks for 420 gold pieces
  2303 | D        | Learned a level 6 spell: Invisibility
  2305 | D        | Bought a +6 ring of intelligence for 819 gold pieces
  2351 | D        | Bought a +2 hat for 208 gold pieces
  2358 | D        | Noticed a shining eye
  2358 | D        | Noticed a shining eye
  2358 | D        | Noticed a shining eye
  2358 | D        | Noticed a shining eye
  2358 | D        | Noticed a shining eye
  2358 | D        | Noticed a shining eye
  2397 | D        | Learned a level 3 spell: Dazzling Flash
  2399 | D        | Learned a level 1 spell: Apportation
  2417 | D        | Noticed a daeva
  2423 | D        | Noticed a 12-headed hydra
  2425 | D        | Killed a 12-headed hydra
  2436 | D        | Noticed a deep elf annihilator
  2588 | D        | Noticed a lorocyproca
  2675 | D        | HP: 2/47 [something (1)]
  2679 | D        | Engulfed by a cloud of noxious fumes

Illustrated notes

Levels and vault maps discovered:
D:        dungeon_sprint_1 [red_sonja_temple_1, red_sonja_temple_small_1]

Skill      XL: |  1  2  3  4  5  6  7  8  9 10 11 |
---------------+----------------------------------+-----
Stealth        | 10 13 17 18 23 24 26 27 | 27.0
Short Blades   | 12 13 | 13.0
Dodging        | 8 |  8.0
Spellcasting   | 9 10 | 10.0
Hexes          | 10 14 | 14.2

Action                   |  1- 3 |  4- 6 |  7- 9 | 10-12 || total
-------------------------+-------+-------+-------+-------++-------
Melee: Dagger            |    10 |    15 |    18 |    61 ||   104
 Cast: Ensorcelled Hiber |     1 |     5 |     1 |    26 ||    33
       Confusing Touch   |       |     1 |     1 |     4 ||     6
       Tukima's Dance    |       |     1 |       |       ||     1
  Use: Potion            |       |       |       |     1 ||     1
 Stab: Sleeping          |     2 |     3 |     9 |    36 ||    50
       Confused          |       |     1 |     1 |     4 ||     6
Armor: Robe              |     3 |     2 |       |     1 ||     6
Dodge: Dodged            |     4 |    20 |     4 |    30 ||    58
Block: Other             |       |       |       |     5 ||     5
